 Dungeon Crawl Stone Soup version 0.28-a0-445-g51f8dfeb47 (webtiles) character file.

Game seed: 8238926963730644626

4 Kangaroobicon the Skirmisher (level 1, 0/14 HPs)
             Began as a Gargoyle Berserker on Sept 13, 2021.
             Was a Follower of Trog.
             Slain by a hobgoblin (3 damage)
             ... on level 1 of the Dungeon.
             The game lasted 00:01:37 (79 turns).

Kangaroobicon the Skirmisher (Gargoyle Berserker)     Turns: 79, Time: 00:01:37

Health: 0/14       AC:  4    Str: 20    XL:     1   Next: 70%
Magic:  1/1        EV: 11    Int:  7    God:    Trog [*.....]
Gold:   0          SH:  0    Dex:  9    Spells: 0/0 levels left

rFire   . . .      SeeInvis .   c - +0 trident
rCold   . . .      Faith    .   (no shield)
rNeg    + . .      Spirit   .   b - +0 animal skin
rPois   ∞          Reflect  .   (no helmet)
rElec   +          Harm     .   (no cloak)
rCorr   .          Rampage  .   (no gloves)
Will    .....                   (no boots)
Stlth   +.........              (no amulet)
HPRegen 0.04/turn               (no ring)
MPRegen 0.07/turn               (no ring)

@: no status effects
A: sickness immunity, AC +2, negative energy resistance 1, electricity
resistance, torment resistance 1, petrification resistance
a: Renounce Religion, Berserk


You were on level 1 of the Dungeon.
You worshipped Trog.
Trog was aware of your devotion.
You visited 1 branch of the dungeon, and saw 1 of its levels.

Inventory:

Hand Weapons
 a - a +0 mace
 c - a +0 trident (weapon)
Armour
 b - a +0 animal skin (worn)


   Skills:
 + Level 3.5 Fighting
 + Level 3.1 Maces & Flails
 + Level 2.2 Armour
 + Level 1.5 Dodging


You couldn't memorise any spells.
You didn't know any spells.
Your spell library was empty.

Dungeon Overview and Level Annotations

Branches:
Dungeon (1/15)

Altars:


Innate Abilities, Weirdness & Mutations

You are immune to sickness and miasma.
Your stone body is resilient. (AC +2)
You are immune to poison.
You resist negative energy. (rN+)
You are resistant to electric shocks. (rElec)
You are resistant to unholy torment.
You are immune to petrification.


Message History

The bat hits you.
Reach: c) +0 trident
Press: ? - help, Dir - move target, f - kobold
Aim: a kobold, wielding a +0 short sword and quivering stones (about 57% to evade your +0 trident)
You reach to attack!
You hit the kobold but do no damage. The bat barely misses you.
The kobold throws a stone.
The stone hits you.
Reach: c) +0 trident
Press: ? - help, Dir - move target, f/p - kobold
Aim: a kobold, wielding a +0 short sword and quivering stones (about 57% to evade your +0 trident)
You reach to attack!
You barely miss the kobold. The bat hits you but does no damage.
You hit the kobold but do no damage. The bat hits you.
The kobold hits you with a +0 short sword.
The bat barely misses you. The kobold closely misses you.
You hit the kobold but do no damage. The bat hits you but does no damage.
The kobold hits you but does no damage.
You closely miss the kobold. The bat hits you but does no damage.
The goblin closely misses you.
The kobold hits you with a +0 short sword.
The goblin barely misses you.
A hobgoblin comes into view.
You puncture the kobold!
You kill the kobold!
Trog accepts your kill. The bat hits you but does no damage.
The goblin hits you but does no damage.
You closely miss the goblin. The bat barely misses you.
The goblin hits you with a +0 dagger of freezing.
The goblin freezes you.
* * * LOW HITPOINT WARNING * * *
You hit the goblin.
You kill the goblin!
Trog accepts your kill. The bat barely misses you.
Reach: c) +0 trident
Press: ? - help, Dir - move target, f - bat
Aim: a bat (about 66% to evade your +0 trident)
You reach to attack!
You barely miss the bat. The bat barely misses you.
Found a scroll labelled ITTUROAKHLOI.
The bat hits you but does no damage. The hobgoblin hits you.
You die...

#.# #.# #.#
#.# #.# #.#
#.## ###..###
#.b)@..#
#....)g..#
..?.........#
##..........#
#..........#
#..........#
#..........#
##..?.....##


You could see a hobgoblin and a bat.

Vanquished Creatures
  A bat (D:1)
  2 goblins (D:1)
  A kobold (D:1)
4 creatures vanquished.

Notes
Turn   | Place    | Note
-------+----------+-------------------------------------------
     0 | D:1      | Kangaroobicon the Gargoyle Berserker began the quest for
                  | the Orb.
     0 | D:1      | Reached XP level 1. HP: 14/14 MP: 1/1
    79 | D:1      | Slain by a hobgoblin

Illustrated notes

Levels and vault maps discovered:
D:1:      ncdulo_wetmaze, layout_rooms, hellmonk_ecumenical_altar_inner_sanctum

Action                   || total
-------------------------++-------
Melee: Trident           ||    15
Armor: Animal skin       ||    10
Dodge: Dodged            ||    15

Table legend: (Time is in decaauts)
 A = Elapsed time spent in this place.
 B = Non-inter-level travel time spent in this place.
 C = Inter-level travel time spent in this place.
 D = Time resting spent in this place.
 E = Time spent auto-exploring this place.
 F = Levels seen in this place.
 G = Mean time per level.
                   A        B        C        D        E       F      G
               +--------+--------+--------+--------+--------+-----+--------+
         Total |     96 |     96 |      0 |      0 |      0 |   1 |   96.0 |
       Dungeon |     96 |     96 |      0 |      0 |      0 |   1 |   96.0 |
               +--------+--------+--------+--------+--------+-----+--------+

Top non-repeatable levels by time:
     D:1: 96 daAuts
